 Dungeon Crawl Stone Soup version 0.28.0 (webtiles) character file.

Game seed: 5191012674951696318

422749 diecastcamel the Slayer (level 22, -1/220 HPs)
             Began as a Minotaur Berserker on Feb 12, 2022.
             Was the Champion of Trog.
             Slain by a spark wasp (14 damage)
             ... on level 3 of the Depths on Feb 16, 2022.
             The game lasted 05:29:10 (72253 turns).

diecastcamel the Slayer (Minotaur Berserker)       Turns: 72253, Time: 05:29:11

Health: -1/220     AC: 43    Str: 28    XL:     22   Next: 68%
Magic:  21/21      EV: 15    Int: 11    God:    Trog [******]
Gold:   2070       SH: 20    Dex: 12    Spells: 21/21 levels left

rFire   + + +      SeeInvis +   A - +9 broad axe (freeze)
rCold   + + .      Faith    .   z - +0 kite shield of the Vacuum {Harm rElec Str-2 Dex+5}
rNeg    + . .      Spirit   .   T - +10 plate armour of Agnosticism {rC+ rCorr Dex-2}
rPois   .          Reflect  +   J - +2 hat {Will+}
rElec   +          Harm     +   Z - +1 cloak
rCorr   +          Rampage  .   t - +2 pair of gloves {Str+3}
Will    +++..                   W - +2 pair of boots {Stlth+}
Stlth   ..........              Y - amulet "Zampeor" {Reflect rF++ rC+ Will+ Dex-5 SH+5}
HPRegen 0.46/turn               y - ring of the Ancients {rF+ rCorr Int+5 SInv}
MPRegen 0.17/turn               l - ring of positive energy

@: flayed, on berserk cooldown, slowed, studying Fighting, very slow
A: horns 2, retaliatory headbutt
}: 2/15 runes: serpentine, barnacled
a: Renounce Religion, Berserk, Trog's Hand, Brothers in Arms


You were on level 3 of the Depths.
You worshipped Trog.
Trog was exalted by your worship.
You visited 8 branches of the dungeon, and saw 41 of its levels.
You visited the Abyss 1 time.
You also visited: Ossuary.

You collected 5135 gold pieces.
You spent 3065 gold pieces at shops.

Inventory:

Hand Weapons
 v - the +8 whip "Snakebite" {venom, curare, rPois}
   (You found it on level 4 of the Lair of Beasts)

   It poisons the flesh of those it strikes.
   It occasionally inflicts asphyxiating poison on those it strikes, dealing
   poison damage and causing slowness.
   rPois:     It protects you from poison.
 A - a +9 broad axe of freezing (weapon)
Missiles
 O - 4 silver boomerangs (quivered)
Armour
 b - a +0 tower shield
 t - a +2 pair of gloves of strength (worn)
 z - the +0 kite shield of the Vacuum (worn) {Harm rElec Str-2 Dex+5}
   (You bought it in a shop on level 1 of the Vaults)

   Str:       It affects your strength (-2).
   Dex:       It affects your dexterity (+5).
   rElec:     It insulates you from electricity.
   Harm:      It increases damage dealt and taken.
 J - a +2 hat of willpower (worn)
 T - the +10 plate armour of Agnosticism (worn) {rC+ rCorr Dex-2}
   (You found it on level 3 of the Shoals)

   Dex:       It affects your dexterity (-2).
   rC:        It protects you from cold.
   rCorr:     It protects you from acid and corrosion.
 W - a +2 pair of boots of stealth (worn)
 Z - a +1 cloak (worn)
Jewellery
 d - a ring of poison resistance
 h - the amulet "Kehe" {Reflect +Blink Str-5 Dex+7 SH+5 Stlth-}
   (You bought it in a shop on level 2 of the Snake Pit)

   [amulet of reflection]

   It reflects blocked missile attacks.
   Str:       It affects your strength (-5).
   Dex:       It affects your dexterity (+7).
   +Blink:    It lets you blink.
   SH:        It affects your SH (+5).
   Stlth:     It makes you less stealthy.
 l - a ring of positive energy (right hand)
 y - the ring of the Ancients (left hand) {rF+ rCorr Int+5 SInv}
   (You bought it in a shop on level 2 of the Snake Pit)

   [ring of protection from fire]

   Int:       It affects your intelligence (+5).
   rF:        It protects you from fire.
   SInv:      It lets you see invisible.
   rCorr:     It protects you from acid and corrosion.
 D - a ring of resist corrosion
 M - a ring of willpower
 Y - the amulet "Zampeor" (around neck) {Reflect rF++ rC+ Will+ Dex-5 SH+5}
   (You took it off a deep elf pyromancer on level 1 of the Elven Halls)

   [amulet of reflection]

   It reflects blocked missile attacks.
   Dex:       It affects your dexterity (-5).
   rF:        It greatly protects you from fire.
   rC:        It protects you from cold.
   SH:        It affects your SH (+5).
   Will:      It increases your willpower.
Wands
 i - a wand of digging (25)
 u - a wand of paralysis (10)
 w - a wand of iceblast (41)
 K - a wand of acid (3)
 Q - a wand of charming (3)
 X - a wand of mindburst (15)
Scrolls
 a - 4 scrolls of magic mapping
 e - 9 scrolls of vulnerability
 f - 12 scrolls of teleportation
 j - 17 scrolls of identify
 k - 3 scrolls of enchant armour
 q - 5 scrolls of immolation
 s - 2 scrolls of holy word
 x - 6 scrolls of blinking
 C - 8 scrolls of fog
 G - 3 scrolls of summoning
 H - 3 scrolls of silence
 V - 4 scrolls of fear
Potions
 c - 21 potions of curing
 n - 5 potions of heal wounds
 o - 6 potions of haste
 p - a potion of invisibility
 r - 12 potions of lignification
 B - 13 potions of mutation
 F - 3 potions of might
 N - 2 potions of resistance
 P - 3 potions of cancellation
Miscellaneous
 g - a box of beasts
 I - a phantom mirror
 L - a condenser vane
 R - a lightning rod (4/4)
 S - a phial of floods
 U - a tin of tremorstones (2/2)


   Skills:
 + Level 23.1 Fighting
 - Level 18.0 Axes
 + Level 22.1 Armour
 + Level 20.4 Dodging
 + Level 20.8 Shields
 - Level 15.0 Evocations


You had 21 spell levels left.
You didn't know any spells.
Your spell library was empty.

Dungeon Overview and Level Annotations

Branches:
Dungeon (15/15)            Temple (0/1) D:6            Lair (6/6) D:10
 Shoals (4/4) Lair:4        Snake (4/4) Lair:2        Slime (0/5) Lair:6
    Orc (2/2) D:11            Elf (3/3) Orc:2        Vaults (4/5) D:14
  Crypt (0/3) Vaults:2     Depths (3/4) D:15        Ossuary (visited)

Altars:
Dithmenos
Fedhas
Hepliaklqana
Kikubaaqudgha
Makhleb
Nemelex Xobeh
Okawaru
Sif Muna
Trog
Vehumet
Xom
Yredelemnul
The Shining One
Beogh
Jiyva

Shops:
D:11 (   D:13 *   Orc:2 [([=   Elf:1 !   Shoals:1 [((?(   Shoals:4 !
Snake:2 =[*   Snake:3 ::=?   Snake:4 !   Vaults:1 :!**[   Vaults:3 *
Depths:3 !

Portals:
Hell: Depths:1 Depths:2
Pandemonium: Depths:1
Ziggurat: Depths:1

Annotations:
D:13 3 runed translucent doors, Ahonude's ghost, journeyman TrMo
Orc:2 1 runed translucent door, SweetAndFullOfGrace's ghost, journeyman MiBe


Innate Abilities, Weirdness & Mutations

You have a pair of horns on your head.
You reflexively headbutt those who attack you in melee.


Message History

You block the spark wasp's attack.
The deep troll shaman calls upon its god to strengthen the iron troll.
The iron troll seems to grow stronger.
You block the spark wasp's attack.
The spark wasp stings you but does no damage.
You block the spark wasp's attack.
The flayed ghost stares at you with tortured malice.
Terrible wounds spread across more of your body!
The deep troll shaman calls upon its god to strengthen the deep troll.
The deep troll seems to grow stronger.
You block the spark wasp's attack.
The orc warrior no longer looks unusually strong.
The flayed ghost cries, "Suffer as I suffered!"
Terrible wounds spread across more of your body!
* * * LOW HITPOINT WARNING * * *
The spark wasp closely misses you.
A spark wasp comes into view.
The spark wasp stings you but does no damage.
You block the flayed ghost's attack.
The spark wasp stings you but does no damage.
The spark wasp stings you but does no damage.
The flayed ghost hits you but does no damage.
The spark wasp stings you!
* * * LOW HITPOINT WARNING * * *
The spark wasp shocks you. You resist.
* * * LOW HITPOINT WARNING * * *
There is a stone staircase leading up, spattered with blood here.
The spark wasp buzzes angrily.
You block the spark wasp's attack. The iron troll bites you!
* * * LOW HITPOINT WARNING * * *
You block the iron troll's attack. x2
The spark wasp bursts into living lightning!
The living lightning hits the orc warrior!
The orc warrior dies!
The living lightning hits the spark wasp.
The spark wasp completely resists.
The living lightning hits you. You resist.
* * * LOW HITPOINT WARNING * * *
The spark wasp blinks!
The spark wasp stings you but does no damage.
The flayed ghost hits you but does no damage.
The spark wasp stings you!
You die...

##.....≈≈.#o.
####.....§.≈.#..
#8...8.......#..
###.....#......#..
#....>......##.#..
###.........=#######
#8...∩..§8...#
#...W)......##
#.y@yTT.....#
#...T.###...#
#8...8# #...#
####### #####


You could see an iron troll (fast, strong), 2 spark wasps, a flayed ghost, a
deep troll (strong) and a deep troll shaman.

Vanquished Creatures
  A dread lich (Depths:1)
  Saint Roka (Depths:3)
  Frederick (Vaults:4)
  Vashnia (Snake:4)
  A golden dragon (Depths:2)
  A bone dragon (Abyss:2)
  2 liches
  2 deep elf blademasters
  A deep elf master archer (Elf:3)
  An Executioner (Depths:2)
  Frances (D:14)
  2 tentacled starspawn (Abyss:2)
  Gastronok (D:8)
  A tengu reaver (D:14)
  4 sphinxes
  Polyphemus (Shoals:3)
  Agnes (D:14)
  Kirke (Snake:3)
  8 nagarajas
  4 fire giants
  8 deep elf sorcerers (Elf:3)
  17 vault wardens
  2 frost giants
  A spectral juggernaut (Depths:2)
  Aizul (Snake:2)
  2 orc warlords
  Louise (Elf:3)
  3 deep elf elementalists
  6 stone giants
  A juggernaut skeleton (Depths:2)
  A war gargoyle (Vaults:4)
  7 ironbound thunderhulks
  14 ironbound preservers
  15 very ugly things
  5 deep elf demonologists
  6 deep elf annihilators
  2 vampire knights (Vaults:2)
  A lorocyproca (Abyss:2)
  An entropy weaver (Vaults:1)
  2 spectral titans (Depths:2)
  8 dire elephants
  Snorg (D:11)
  2 eidola (Vaults:2)
  A spark wasp (Depths:2)
  6 deep elf death magi
  2 spectral golden dragons (Depths:2)
  8 merfolk impalers
  8 ettins
  5 merfolk javelineers (Shoals:4)
  7 deep elf high priests
  Josephine (D:11)
  12 vault guards
  2 spriggan zombies (Depths:2)
  8 yaktaur captains
  A fire dragon (Depths:1)
  2 peacekeepers
  3 great orbs of eyes
  4 ice dragons
  A spectral spriggan (Depths:2)
  Erolcha (Orc:1)
  Fannar (D:11)
  2 rakshasas
  7 ironbound frosthearts
  14 naga warriors
  A quicksilver dragon skeleton (Depths:2)
  3 salamander tyrants
  A spectral tengu (Depths:2)
  2 caustic shrike simulacra (Depths:2)
  4 boulder beetles
  13 anacondas
  6 merfolk avatars
  2 ogre magi
  14 centaur warriors
  14 hydras
  8 merfolk aquamancers
  A spriggan skeleton (Depths:2)
  A death knight (D:12)
  2 alligator snapping turtles
  17 death yaks
  3 satyrs
  13 two-headed ogres
  24 dancing weapons
  A spectral fire giant (Depths:2)
  2 deep troll earth magi
  4 deep troll shamans
  3 tengu warriors
  6 vampire magi (Depths:2)
  3 thrashing horrors
  Urug (Lair:6)
  6 shock serpents
  11 naga sharpshooters
  4 spriggan berserkers (Elf:3)
  8 hell knights
  An orc high priest (Orc:1)
  13 deep elf knights
  4 iron trolls
  2 sun demons (Depths:2)
  A wretched star (Abyss:2)
  2 titan skeletons
  3 soul eaters (Depths:2)
  A storm dragon zombie (Depths:2)
  9 salamander mystics
  A storm dragon skeleton (Depths:2)
  10 skeletal warriors
  A spectral spark wasp (Depths:2)
  49 deep trolls
  3 flayed ghosts (Depths:2)
  2 golden dragon zombies (Depths:2)
  13 sea snakes
  A sea snake (shapeshifter) (Elf:3)
  A shadow demon (Depths:1)
  17 deep elf archers
  An orb spider (shapeshifter) (Vaults:1)
  2 glowing orange brains
  7 lindwurms
  A tengu zombie (Depths:2)
  2 golden dragon skeletons (Depths:2)
  6 naga ritualists
  13 ironbound convokers
  A kraken simulacrum (Shoals:4)
  9 wizards
  5 phantasmal warriors
  10 mana vipers
  28 deep elf zephyrmancers
  27 deep elf pyromancers
  A wolf spider (D:15)
  A sphinx zombie (Depths:2)
  13 fauns
  15 harpies
  6 necromancers
  An orc sorcerer (Orc:2)
  28 ugly things
  23 salamanders
  13 manticores
  7 cyclopes
  8 orc knights
  A frost giant zombie (Depths:1)
  A tengu skeleton (Depths:2)
  A sphinx skeleton (Depths:2)
  A frost giant skeleton (Depths:1)
  Maurice (Orc:2)
  38 black mambas
  7 smoke demons
  An elephant (Lair:6)
  16 vault sentinels
  A fire giant skeleton (Depths:1)
  5 merfolk sirens
  4 water nymphs
  A rust devil (Depths:1)
  21 naga magi
  4 gargoyles
  4 orange demons (D:11)
  11 guardian serpents
  An eye of devastation (shapeshifter) (Vaults:1)
  10 cane toads
  A cane toad (shapeshifter) (Abyss:2)
  A torpor snail (Lair:2)
  4 kobold demonologists
  35 yaktaurs
  2 storm dragon simulacra
  2 tormentors (Depths:2)
  5 rime drakes
  An efreet (Abyss:2)
  6 komodo dragons
  A spark wasp simulacrum (Depths:2)
  3 freezing wraiths
  A tengu conjurer (Depths:1)
  An ice devil (Depths:1)
  A golden dragon simulacrum (Depths:2)
  A spectral human (Depths:2)
  6 trolls
  2 red devils (D:11)
  2 polar bears
  A tarantella (shapeshifter) (D:14)
  A sphinx simulacrum (Depths:1)
  4 hornets
  A meliai (shapeshifter) (Vaults:1)
  A tengu simulacrum (Depths:2)
  27 merfolk
  15 dream sheep
  A shadow dragon simulacrum (Depths:1)
  Grinder (D:3)
  3 wind drakes
  48 slime creatures
  7 snapping turtles
  2 iron dragon simulacra (Depths:2)
  23 blink frogs
  6 water elementals
  2 air elementals
  A shadow (D:12)
  A vampire (D:10)
  2 ynoxinuls
  5 wraiths (D:11)
  3 fire elementals
  2 large abominations (Abyss:2)
  6 wyverns
  Eustachio (D:6)
  A human (shapeshifter) (Abyss:2)
  2 steam dragons (Lair:6)
  34 yaks
  8 vampire mosquitoes
  3 hogs (Snake:3)
  4 basilisks
  2 redbacks (Vaults:1)
  2 wargs (Orc:2)
  57 nagas
  An acid dragon (D:8)
  25 water moccasins
  An ice beast (D:5)
  36 orc warriors
  A hornet zombie (Ossuary)
  2 black bears
  A necrophage (D:5)
  12 ogres
  17 centaurs
  2 wolves (Lair:3)
  3 boggarts (Vaults:1)
  2 phantoms
  2 kobold brigands
  11 bullfrogs
  8 small abominations (Abyss:2)
  A scorpion (D:5)
  3 wyvern zombies
  A gnoll sergeant (D:9)
  2 water moccasin zombies
  A water moccasin skeleton (D:5)
  5 wights (D:10)
  10 howler monkeys
  A crimson imp (Abyss:2)
  4 bullfrog zombies
  A quasit (Abyss:2)
  10 centaur zombies
  2 hounds
  2 jellies (D:8)
  A bullfrog skeleton (D:7)
  16 orc priests
  2 centaur skeletons
  6 hell rats
  3 iguanas
  15 orc wizards
  2 killer bee zombies
  A hound zombie (D:5)
  A hound skeleton (D:4)
  15 mummies
  5 howler monkey zombies (Ossuary)
  11 adders
  6 gnolls
  14 white imps
  An ufetubus (Abyss:2)
  78 orcs
  3 bats
  6 endoplasms
  14 giant cockroaches
  5 goblins
  10 hobgoblins
  18 kobolds
  A quokka (D:1)
  9 ball pythons
  2 frilled lizards
  2 quokka skeletons (D:4)
  3 rats
  A spectral kobold (D:6)
  2 starspawn tentacles (Abyss:2)
1680 creatures vanquished.

Vanquished Creatures (collateral kills)
  A naga warrior (Snake:3)
  A catoblepas (Shoals:3)
  A death yak (Shoals:3)
  2 nagas (Snake:3)
5 creatures vanquished.

Vanquished Creatures (others)
  A wizard (D:15)
  A naga mage (Snake:4)
  A large abomination (Abyss:2)
  An orc warrior (Depths:3)
  An orc (Orc:2)
  28 fungi
  152 plants
  2 starspawn tentacles (Abyss:2)
  4 tentacles (Shoals:4)
  4 withered plants (Ossuary)
195 creatures vanquished.

Grand Total: 1880 creatures vanquished

Notes
Turn   | Place    | Note
-------+----------+-------------------------------------------
     0 | D:1      | diecastcamel the Minotaur Berserker began the quest for the
                  | Orb.
     0 | D:1      | Reached XP level 1. HP: 19/19 MP: 0/0
    72 | D:1      | Found a faded altar of an unknown god.
   303 | D:1      | Reached XP level 2. HP: 27/27 MP: 1/1
  1101 | D:1      | HP: 1/27 [adder (2)]
  1103 | D:1      | Reached skill level 4 in Fighting
  1103 | D:1      | Reached XP level 3. HP: 2/33 MP: 2/2
  1692 | D:2      | Found a bloodstained altar of Trog.
  1781 | D:2      | Reached ** piety under Trog
  2346 | D:3      | Noticed a kobold brigand
  2363 | D:3      | Killed a kobold brigand
  2364 | D:3      | Reached skill level 5 in Axes
  2364 | D:3      | Reached XP level 4. HP: 11/41 MP: 3/3
  2364 | D:3      | Reached XP level 5. HP: 12/47 MP: 4/4
  2751 | D:3      | Noticed Grinder
  2880 | D:2      | Identified a scroll of acquirement
  2880 | D:2      | Acquired a +1 buckler of protection
  3024 | D:4      | Found a sand-covered staircase.
  3036 | Ossuary  | Entered an ossuary
  3044 | Ossuary  | Reached skill level 1 in Shields
  3063 | Ossuary  | Reached XP level 6. HP: 52/53 MP: 5/5
  3120 | Ossuary  | Reached skill level 5 in Shields
  3120 | Ossuary  | Reached XP level 7. HP: 48/60 MP: 6/6
  3228 | Ossuary  | Reached skill level 5 in Fighting
  3233 | Ossuary  | Reached *** piety under Trog
  3616 | Ossuary  | Reached XP level 8. HP: 69/69 MP: 7/7
  3710 | Ossuary  | Reached skill level 5 in Armour
  4017 | D:4      | Found a glowing silver altar of Zin.
  4019 | D:4      | Found a basalt altar of Yredelemnul.
  4019 | D:4      | Found a radiant altar of Vehumet.
  4021 | D:4      | Found a shimmering altar of Xom.
  4021 | D:4      | Found an ancient bone altar of Kikubaaqudgha.
  4021 | D:4      | Found a shimmering blue altar of Sif Muna.
  4646 | D:5      | Entered Level 5 of the Dungeon
  4836 | D:5      | Reached skill level 1 in Evocations
  5876 | D:5      | Reached skill level 6 in Fighting
  5959 | D:6      | Noticed Eustachio
  5976 | D:6      | Killed Eustachio
  5977 | D:6      | Reached XP level 9. HP: 60/75 MP: 8/8
  6122 | D:6      | Reached skill level 5 in Dodging
  6310 | D:6      | Found a sparkling altar of Nemelex Xobeh.
  6433 | D:6      | Found a hazy altar of Hepliaklqana.
  6551 | D:6      | Noticed a two-headed ogre
  6555 | D:6      | Killed a two-headed ogre
  6556 | D:6      | Reached skill level 10 in Axes
  6596 | D:6      | Found a staircase to the Ecumenical Temple.
  6710 | D:6      | Reached **** piety under Trog
  6711 | D:6      | Reached skill level 7 in Fighting
  6797 | D:6      | Identified the +8 dagger of the Kidney {freeze, Dex+3 SInv}
  7317 | D:7      | Identified the +2 robe "Qeegideu" {rElec rC+}
  8153 | D:8      | Noticed Gastronok
  8628 | D:8      | Noticed a cyclops
  8637 | D:8      | Killed a cyclops
  8638 | D:8      | Reached XP level 10. HP: 88/88 MP: 9/9
  8781 | D:9      | Reached skill level 8 in Fighting
  9460 | D:10     | Entered Level 10 of the Dungeon
  9483 | D:10     | Found a burning altar of Makhleb.
  9607 | D:10     | Noticed a two-headed ogre
  9619 | D:10     | Killed a two-headed ogre
  9646 | D:10     | Reached skill level 9 in Fighting
 10245 | D:10     | Found a staircase to the Lair.
 10439 | D:10     | Found a glowing golden altar of the Shining One.
 10439 | D:10     | Found a blossoming altar of Fedhas.
 10469 | D:11     | Noticed Fannar
 10608 | D:11     | Reached XP level 11. HP: 97/97 MP: 10/10
 11052 | Lair:1   | Entered Level 1 of the Lair of Beasts
 11477 | D:3      | Killed Grinder
 11963 | Lair:1   | Reached skill level 10 in Fighting
 12031 | Lair:1   | Noticed a death yak
 12031 | Lair:1   | Noticed a death yak
 12031 | Lair:1   | Noticed a death yak
 12064 | Lair:1   | Noticed a death yak
 12064 | Lair:1   | Noticed a death yak
 12074 | Lair:1   | Noticed a six-headed hydra
 12089 | D:10     | Killed a death yak
 12432 | D:10     | Killed a death yak
 12853 | D:9      | Killed a death yak
 12854 | D:9      | Reached skill level 10 in Armour
 13152 | D:10     | Killed a death yak
 13283 | Lair:1   | Killed a death yak
 13499 | Lair:1   | Noticed a six-headed hydra
 13506 | Lair:1   | Killed a six-headed hydra
 13893 | Lair:1   | You fall into a shaft and drop 1 floor!
 14249 | Lair:2   | Reached skill level 11 in Fighting
 14358 | Lair:2   | Noticed an eight-headed hydra
 14368 | Lair:2   | Killed an eight-headed hydra
 14693 | Lair:2   | Noticed a death yak
 14695 | Lair:2   | Noticed a death yak
 14752 | Lair:2   | Killed a death yak
 14753 | Lair:2   | Reached skill level 10 in Dodging
 14753 | Lair:2   | Reached XP level 12. HP: 95/110 MP: 11/11
 14783 | Lair:1   | Killed a death yak
 15224 | Lair:2   | Found a staircase to the Snake Pit.
 16410 | Lair:3   | Noticed a five-headed hydra
 16419 | Lair:3   | Killed a five-headed hydra
 16573 | Lair:3   | Noticed a death yak
 16595 | Lair:3   | Killed a death yak
 16596 | Lair:3   | Reached skill level 12 in Fighting
 16924 | Lair:3   | Noticed an eight-headed hydra
 16930 | Lair:3   | Killed an eight-headed hydra
 17724 | Lair:4   | Noticed an eight-headed hydra
 17744 | Lair:4   | Killed an eight-headed hydra
 17958 | Lair:4   | Found a staircase to the Shoals.
 18129 | Lair:4   | Found the +8 whip "Snakebite" {venom, curare, rPois}
 18190 | Lair:4   | Noticed a five-headed hydra
 18210 | Lair:4   | Killed a five-headed hydra
 18211 | Lair:4   | Reached skill level 5 in Evocations
 18391 | Lair:4   | Reached XP level 13. HP: 71/119 MP: 12/12
 18809 | Lair:4   | Reached ***** piety under Trog
 19203 | Lair:5   | Reached skill level 13 in Fighting
 19596 | Lair:5   | Reached skill level 15 in Axes
 20290 | Lair:6   | Entered Level 6 of the Lair of Beasts
 20290 | Lair:6   | Found a viscous altar of Jiyva.
 20290 | Lair:6   | Found a staircase to the Slime Pits.
 20861 | Lair:6   | Identified the +3 dagger of Irphuikh {antimagic, Drain
                  | rPois Str+4} (Trog gifted it to you on level 6 of the Lair
                  | of Beasts)
 20861 | Lair:6   | Received a gift from Trog
 21135 | Lair:6   | Noticed Urug
 21459 | Lair:6   | Killed Urug
 22142 | Lair:6   | Reached XP level 14. HP: 110/129 MP: 13/13
 22404 | Lair:6   | Reached skill level 10 in Shields
 23440 | D:11     | Killed Fannar
 23888 | D:11     | Noticed Josephine
 23893 | D:11     | Killed Josephine
 24110 | D:11     | Reached skill level 14 in Fighting
 24331 | D:11     | Found Daablec's Weapon Shoppe.
 24331 | D:11     | Found a staircase to the Orcish Mines.
 24712 | D:12     | Received a gift from Trog
 26197 | D:13     | Found a runed translucent gate.
 26197 | D:13     | Found a runed translucent gate.
 26197 | D:13     | Found a runed translucent gate.
 26204 | D:13     | Noticed Ahonude's ghost (journeyman TrMo)
 26449 | D:13     | Found Ucemp's Serpentskin Sales.
 26897 | Orc:1    | Entered Level 1 of the Orcish Mines
 26898 | Orc:1    | Noticed Snorg
 26899 | Orc:1    | Noticed Erolcha
 26915 | D:11     | Killed Snorg
 27017 | Orc:1    | Killed Erolcha
 27017 | Orc:1    | Received a gift from Trog
 27283 | Orc:2    | Entered Level 2 of the Orcish Mines
 27312 | Orc:2    | Reached XP level 15. HP: 136/139 MP: 14/14
 28023 | Orc:1    | Noticed Maurice
 28035 | Orc:2    | Killed Maurice
 28127 | Orc:2    | Found Qemul's Armour Shoppe.
 28467 | Orc:2    | Found a staircase to the Elven Halls.
 28486 | Orc:2    | Noticed an orc warlord
 28545 | Orc:2    | Killed an orc warlord
 28732 | Orc:2    | Received a gift from Trog
 28963 | Orc:2    | Found Heled's Antique Weapon Shoppe.
 28978 | Orc:2    | Found Kounucat's Antique Armour Emporium.
 29099 | Orc:2    | Found a runed translucent door.
 29099 | Orc:2    | Found a shimmering altar of Xom.
 29099 | Orc:2    | Noticed SweetAndFullOfGrace's ghost (journeyman MiBe)
 29220 | Orc:2    | Found Ompue's Jewellery Boutique.
 29398 | Orc:2    | Bought the +9 scale mail "Lofu" {rElec rPois Int-2 SInv}
                  | for 806 gold pieces
 30759 | D:14     | Noticed Frances
 30768 | D:14     | Killed Frances
 30769 | D:14     | Reached skill level 15 in Fighting
 31240 | D:14     | Reached skill level 15 in Armour
 31583 | D:14     | Found a gate to the Vaults.
 31659 | D:14     | Noticed Agnes
 31675 | D:14     | Killed Agnes
 32012 | D:15     | Entered Level 15 of the Dungeon
 32012 | D:15     | Found a shadowy altar of Dithmenos.
 32227 | D:15     | Received a gift from Trog
 32829 | D:15     | Found a staircase to the Depths.
 32880 | D:15     | Reached skill level 10 in Evocations
 33497 | Snake:1  | Entered Level 1 of the Snake Pit
 33529 | Snake:1  | Reached XP level 16. HP: 112/149 MP: 15/15
 35224 | Snake:1  | Identified the +6 hand axe of Compulsion {vorpal, Dex+4}
                  | (Trog gifted it to you on level 1 of the Snake Pit)
 35224 | Snake:1  | Received a gift from Trog
 36758 | Snake:2  | Found Meabre's Jewellery Shop.
 36761 | Snake:2  | Found Mymer's Armour Boutique.
 36896 | Snake:2  | Found Pyttol's General Store.
 36908 | Snake:2  | Bought the amulet "Kehe" {Reflect +Blink Str-5 Dex+7 SH+5
                  | Stlth-} for 608 gold pieces
 36908 | Snake:2  | Bought the ring of the Ancients {rF+ rCorr Int+5 SInv} for
                  | 679 gold pieces
 37411 | Snake:2  | Reached skill level 15 in Shields
 37724 | Snake:2  | Noticed Aizul
 37739 | Snake:2  | Killed Aizul
 37879 | Snake:2  | Acquired a +1 pair of gloves of strength
 38404 | Snake:3  | Found Ogujewul's Magic Scroll Emporium.
 38453 | Snake:3  | Bought a scroll of enchant weapon for 120 gold pieces
 38642 | Snake:3  | Received a gift from Trog
 38899 | Snake:3  | Noticed Kirke
 38916 | Snake:3  | Killed Kirke
 38923 | Snake:3  | Reached skill level 16 in Fighting
 39190 | Snake:3  | Reached XP level 17. HP: 151/158 MP: 16/16
 39485 | Snake:3  | Found Woonnib's Jewellery Boutique.
 39485 | Snake:3  | Found Opatum's Book Emporium.
 39486 | Snake:3  | Found Zathuulo's Book Emporium.
 39735 | Shoals:1 | Entered Level 1 of the Shoals
 39737 | Shoals:1 | Found Jatech's Weapon Shop.
 39738 | Shoals:1 | Found Optykig's Magic Scroll Shop.
 39761 | Shoals:1 | Found Ucein's Antique Armour Boutique.
 39912 | Shoals:1 | Found Viext's Antique Weapon Emporium.
 39926 | Shoals:1 | Identified the +0 spear of Woe {antimagic, rCorr Dex+3}
 40269 | Shoals:1 | Found Aqeefac's Antique Weapon Shoppe.
 40386 | Shoals:1 | Bought a scroll of enchant weapon for 105 gold pieces
 40960 | Shoals:2 | Received a gift from Trog
 41371 | Shoals:2 | Reached skill level 15 in Dodging
 42267 | Shoals:3 | Identified the +10 plate armour of Agnosticism {rC+ rCorr
                  | Dex-2}
 42638 | Shoals:3 | Noticed Polyphemus
 42653 | Shoals:3 | Killed Polyphemus
 43146 | Shoals:4 | Entered Level 4 of the Shoals
 44181 | Shoals:4 | Received a gift from Trog
 44182 | Shoals:4 | Reached skill level 17 in Fighting
 45212 | Shoals:4 | Found Ziogh's Distillery.
 46139 | Shoals:4 | Reached XP level 18. HP: 170/170 MP: 17/17
 46158 | Shoals:4 | Got a barnacled rune of Zot
 46407 | Shoals:1 | Bought a scroll of blinking for 105 gold pieces
 46519 | Snake:4  | Entered Level 4 of the Snake Pit
 46609 | Snake:4  | Found Kefeuchi's Distillery.
 47194 | Snake:4  | Received a gift from Trog
 47982 | Snake:4  | Noticed Vashnia
 48034 | Snake:4  | Killed Vashnia
 49147 | Snake:4  | Reached skill level 18 in Fighting
 49240 | Snake:4  | Got a serpentine rune of Zot
 49258 | Snake:4  | Received a gift from Trog
 49709 | Vaults:1 | Entered Level 1 of the Vaults
 50159 | Vaults:1 | Found Teily's Assorted Antiques.
 50166 | Vaults:1 | Found Wyeggaut's Antique Armour Emporium.
 50344 | Vaults:1 | Found Gahing's Assorted Antiques.
 50352 | Vaults:1 | Bought a heavily runed kite shield for 294 gold pieces
 50352 | Vaults:1 | Identified the +0 kite shield of the Vacuum {Harm rElec
                  | Str-2 Dex+5} (You bought it in a shop on level 1 of the
                  | Vaults)
 50398 | Vaults:1 | Reached XP level 19. HP: 157/179 MP: 18/18
 50616 | Vaults:1 | Found Ithaad's Distillery.
 50648 | Vaults:1 | Found Misewuol's Book Emporium.
 50654 | Vaults:1 | Reached ****** piety under Trog
 50685 | Vaults:1 | Received a gift from Trog
 52865 | Vaults:1 | Paralysed by a sphinx for 7 turns
 53213 | Vaults:2 | Received a gift from Trog
 53509 | Vaults:2 | Reached skill level 15 in Evocations
 54728 | Vaults:2 | Found a staircase to the Crypt.
 56057 | Vaults:3 | Reached XP level 20. HP: 189/189 MP: 19/19
 56261 | Vaults:3 | Received a gift from Trog
 56269 | Vaults:3 | Reached skill level 19 in Fighting
 57742 | Vaults:3 | Cast into level 2 of the Abyss (a wizard)
 58246 | Abyss:2  | Noticed a bone dragon
 58264 | Abyss:2  | Killed a bone dragon
 58352 | Vaults:3 | Escaped the Abyss
 58415 | Vaults:3 | Found Guokasug's General Store.
 58447 | Vaults:3 | Bought a scroll of blinking for 127 gold pieces
 58447 | Vaults:3 | Bought a scroll of teleportation for 51 gold pieces
 59058 | Vaults:3 | Received a gift from Trog
 59919 | Vaults:4 | Received a gift from Trog
 60274 | Vaults:4 | Noticed Frederick
 60287 | Vaults:4 | Killed Frederick
 61116 | Elf:1    | Entered Level 1 of the Elven Halls
 61204 | Elf:1    | Identified the amulet "Zampeor" {Reflect rF++ rC+ Will+
                  | Dex-5 SH+5}
 61210 | Elf:1    | Reached skill level 20 in Fighting
 61523 | Elf:1    | Found Uhamiakh's Distillery.
 61535 | Elf:1    | Bought a potion of haste for 170 gold pieces
 61818 | Elf:1    | Reached XP level 21. HP: 201/201 MP: 20/20
 63273 | Elf:2    | Found a runed translucent gate.
 63274 | Elf:2    | Found a runed translucent gate.
 63274 | Elf:2    | Found a runed translucent gate.
 64366 | Elf:3    | Entered Level 3 of the Elven Halls
 64390 | Elf:3    | Received a gift from Trog
 64547 | Elf:3    | Found a bloodstained altar of Trog.
 64818 | Elf:3    | Identified the +1 broad axe "Hekkef" {flame, *Slow rF+ rC+
                  | Dex+3 Stlth+} (Trog gifted it to you on level 3 of the
                  | Elven Halls)
 64818 | Elf:3    | Received a gift from Trog
 65155 | Elf:3    | Identified the +5 great sword of Toeth {vorpal, Contam MP+9
                  | Str+4 Int+4}
 65181 | Elf:3    | Reached skill level 21 in Fighting
 65193 | Elf:3    | Identified the +5 glaive "Pynorebb" {vorpal, rPois}
 65635 | Elf:3    | Noticed Louise
 65658 | Elf:3    | Killed Louise
 66036 | Elf:3    | Paralysed by an air elemental for 1 turns
 66106 | Elf:3    | Identified the +2 robe of Generosity {rN+ Int+3}
 66310 | Elf:3    | Identified the +1 chain mail of Yngamic {Str+6 SInv}
 66912 | D:8      | Killed Gastronok
 67198 | Depths:1 | Entered Level 1 of the Depths
 67227 | Depths:1 | Found an iron altar of Okawaru.
 67494 | Depths:1 | Identified the +10 hand axe of the Other Side {vorpal,
                  | *Slow Fly rN+++ rCorr} (Trog gifted it to you on level 1 of
                  | the Depths)
 67494 | Depths:1 | Received a gift from Trog
 67743 | Depths:1 | Found a gateway to Hell.
 67790 | Depths:1 | Reached XP level 22. HP: 195/213 MP: 21/21
 68020 | Depths:1 | Found a one-way gate leading to the halls of Pandemonium.
 68043 | Depths:1 | Identified the +1 ring mail of Reomeroi {rN+ Regen+}
 68146 | Depths:1 | Found a one-way gateway to a ziggurat.
 68146 | Depths:1 | Noticed a dread lich
 68192 | Depths:1 | Killed a dread lich
 68969 | Depths:2 | Reached skill level 22 in Fighting
 69276 | Depths:2 | Noticed a golden dragon
 69300 | Depths:2 | Killed a golden dragon
 70224 | Depths:2 | Received a gift from Trog
 70672 | Depths:2 | Found an ancient bone altar of Kikubaaqudgha.
 71639 | Depths:2 | Reached skill level 23 in Fighting
 72176 | Depths:3 | Found Giti's Distillery.
 72208 | Depths:3 | Noticed Saint Roka
 72218 | Depths:3 | Received a gift from Trog
 72234 | Depths:3 | Killed Saint Roka
 72253 | Depths:3 | Slain by a spark wasp

Illustrated notes

Levels and vault maps discovered:
D:1:      minmay_arrival_plants_in_alcoves, layout_basic,
          chequers_ecumenical_altar_lobes
D:2:      layout_rooms, basic_altar
D:3:      minmay_roachtagon, layout_basic, uniq_grinder
D:4:      layout_basic, doesnt_xom_only_xom, gup_ossuary_entry_pyramid,
          small_statue_intersection, minmay_box_of_dots
D:5:      layout_basic, kennysheep_generic_room_8
D:6:      layout_basic, nicolae_hepliaklqana_monster_ancestors,
          mainiacjoe_overflow_boulevard, temple_green, serial_rivers,
          chequers_serial_rivers_large_b, chequers_serial_rivers_micro_a,
          chequers_serial_rivers_micro_d, chequers_serial_rivers_small_3,
          hangedman_decor_points, uniq_eustachio
D:7:      layout_cave_pools
D:8:      layout_basic, uniq_gastronok
D:9:      layout_rooms
D:10:     layout_long_grid, gammafunk_temple_overflow_statue, bloody_makhleb,
          david_lair_shrubbed
D:11:     layout_roguey, orc_david_3, minmay_holes, minmay_misc_feat_room,
          minmay_beelzebubs_servants, uniq_fannar, uniq_josephine
D:12:     layout_cave_pods
D:13:     layout_cave_pools, gammafunk_ghost_necromancy, guppyfry_shop_venom
D:14:     layout_irregular_city, david_vaults_2, serial_glass, glass_columns_a,
          glass_columns_c, hangedman_glass_teeth, hellmonk_bongcloud_opening,
          uniq_agnes, uniq_frances
D:15:     hangedman_depths_entry_civil_slaughter, layout_layer_cave,
          grunt_dithmenos_smoke_and_mirrors
Lair:1:   layout_gridlike, portal_ice_cave_entry_imps,
          chequers_serial_rivers_micro_a
Lair:2:   layout_cave_pods, minmay_snake_entry_six_corridors, st_stairs_6
Lair:3:   layout_long_grid, columned_hall_lemuel, beast_lair_carwin_10,
          grunt_megastairs_5
Lair:4:   minmay_guarded_unrand_snakebite, layout_hall_layers,
          minmay_shoals_entry_centaurs, beast_lair_carwin_11
Lair:5:   layout_cave_pods, nicolae_quartered_pool_impasse, grunt_megastairs_4
Lair:6:   gammafunk_lair_ancient_temple, layout_hall_layers, slime_altar_1,
          enter_volcano_1, uniq_urug
Shoals:1: layout_shoals, serial_shops, nicolae_shop_behind_doors,
          nicolae_shop_bloodbath_and_beyond, shop, nicolae_shop_stone,
          nicolae_shop_window_shopping
Shoals:2: layout_shoals
Shoals:3: layout_shoals, uniq_polyphemus
Shoals:4: shoals_end_grunt_ice, layout_shoals, serial_shops,
          nicolae_shop_window_shopping
Snake:1:  layout_honeycomb, grunt_megastairs_3
Snake:2:  layout_cave_pods, hangedman_snake_corridor_cut, minmay_shop_star,
          uniq_aizul
Snake:3:  layout_honeycomb, serial_shops, shop, minmay_shop_grove, uniq_kirke
Snake:4:  johnstein_snake_rune_scales, layout_cave_town, serial_shops, shop
Orc:1:    layout_caves, uniq_erolcha, uniq_maurice, uniq_snorg
Orc:2:    grunt_orc_community_town_hall, layout_diamond_mine,
          grunt_orc_community_big_house_2, grunt_orc_community_big_house_2,
          grunt_orc_community_house_2, grunt_orc_community_house_1,
          grunt_orc_community_house_1, grunt_orc_community_house_3, basic_altar,
          ebering_ghost_xom
Elf:1:    layout_gridlike, serial_shops,
          nicolae_shop_competitors_out_of_business, evilmike_minifort
Elf:2:    nicolae_elf_blades_crystal_corner, layout_gridlike,
          nicolae_elf_glass_and_crystal_pillar_2
Elf:3:    minmay_elf_hall_x, layout_geoelf_grid, evilmike_spriggan_trog_shrine,
          uniq_louise
Vaults:1: hangedman_vaults_trim, nicolae_vaults_little_ls,
          nicolae_vaults_what_the_h, st_greater_box_5, v_pattern_3,
          hangedman_vaults_restitches, hangedman_vaults_hat,
          ontoclasm_vaults_twist, vaults_mumra_hexcomb, grunt_vaults_bifocal,
          layout_vaults_omnibox, serial_shops, shop_fountains, shop,
          nicolae_shop_waterfront, shop, nicolae_shop_window_shopping
Vaults:2: minmay_crypt_entry_simple_plaza, vaults_dpeg_doors,
          hangedman_vaults_variations, hangedman_vaults_corner_blocks,
          nicolae_vaults_diagonal_hallway_8, v_rooms_1,
          nicolae_vaults_border_crossing, v_misc_32, vaults_room_pool,
          nicolae_vaults_little_squares_5, ontoclasm_vaults_eye,
          hangedman_vaults_cutoff, layout_vaults_omnicross
Vaults:3: v_misc_10, v_misc_33, dpeg_vaults_monster_box, v_alt_pattern_5,
          hangedman_vaults_river_flow, nicolae_vaults_shelves_hall,
          nicolae_vaults_three_branches, vaults_dpeg_spiral,
          layout_vaults_omnigrid, serial_shops, nicolae_shop_stone
Vaults:4: v_misc_25, hangedman_vaults_snaps, grunt_vaults_diagonal,
          hangedman_vaults_stretched_pinwheel, hangedman_vaults_slice,
          hangedman_vaults_stagger, v_misc_10, ontoclasm_vaults_shuriken,
          vaults_dpeg_cross, layout_vaults_big_room, uniq_frederick
Depths:1: layout_basic, enter_ziggurat_c, hell_entry, rand_demon_pan_entry_5,
          hangedman_abyss_or_decor_stabs, serial_sigils_hangedman_leer,
          okawaru_ov_weapons_minmay
Depths:2: evilmike_negative_zone, layout_gridlike, rand_demon_pan_entry_1,
          hellmouth_3, nicolae_fountain_basement,
          roderic_lattice_octagonal_star, infiniplex_staircase_zigzag_2
Depths:3: hangedman_arrow_trap, layout_cave_pools, hell_entry,
          roderic_roman_lattice, abyss_entry_flame_altar, serial_bayou_pond_a,
          minmay_gold_behind_fungi, nicolae_stop_n_shop_1, st_stairs_5,
          kennysheep_generic_room_16, infiniplex_staircase_x, uniq_saint_roka

Skill      XL: |  1  2  3  4  5  6  7  8  9 10 11 12 13 14 15 16 17 18 19 20 21 22 |
---------------+-------------------------------------------------------------------+-----
Axes           | 4 5 6 7 9 10 11 13 14 15 16 17 18 | 18.0
Fighting       | 4 5 6 7 9 11 12 13 14 15 16 17 18 20 21 23 | 23.1
Armour         | 3 4 5 7 9 11 12 13 14 15 17 18 20 21 22 | 22.1
Dodging        | 3 4 6 8 10 11 12 13 14 15 16 17 18 19 20 | 20.4
Shields        | 2 5 8 10 11 15 16 17 18 19 20 | 20.8
Evocations     | 3 4 5 7 8 10 11 13 15 | 15.0

Action                   |  1- 3 |  4- 6 |  7- 9 | 10-12 | 13-15 | 16-18 | 19-21 | 22-24 || total
-------------------------+-------+-------+-------+-------+-------+-------+-------+-------++-------
Melee: Hand axe          |    83 |       |       |   605 |       |       |       |       ||   688
       Headbutt          |    14 |    17 |    72 |   168 |   339 |   428 |   476 |   150 ||  1664
       Punch             |     2 |     2 |       |       |       |       |       |       ||     4
       War axe           |    20 |    80 |   272 |       |       |       |       |       ||   372
       Dagger            |       |       |    86 |   107 |       |       |       |       ||   193
       Whip              |       |       |       |    40 |  1097 |       |       |       ||  1137
       Broad axe         |       |       |       |       |   343 |  1556 |  1631 |   472 ||  4002
Throw: Dart              |       |     1 |     8 |       |       |       |       |       ||     9
Invok: Trog's Hand       |       |     3 |     1 |     5 |    10 |    12 |    16 |     1 ||    48
       Berserk           |       |       |     4 |     2 |     3 |       |     3 |     2 ||    14
       Brothers in Arms  |       |       |       |       |       |     1 |       |       ||     1
 Abil: Evoke Blink       |       |       |       |       |       |     1 |       |       ||     1
Evoke: Wand              |       |       |     7 |    13 |     6 |     1 |       |     1 ||    28
       Lightning rod     |       |       |       |       |     2 |       |     2 |       ||     4
       Phantom mirror    |       |       |       |       |       |     1 |     2 |       ||     3
       Tin of tremorston |       |       |       |       |       |     1 |     3 |       ||     4
       Condenser vane    |       |       |       |       |       |       |     2 |       ||     2
  Use: Scroll            |     6 |     5 |     8 |     7 |    12 |    14 |    12 |     1 ||    65
       Potion            |       |       |     1 |     6 |     2 |     5 |     5 |     1 ||    20
 Stab: Distracted        |       |       |     1 |       |       |       |       |       ||     1
       Paralysed         |       |       |       |     6 |       |       |       |       ||     6
       Held in net/web   |       |       |       |       |       |     1 |       |       ||     1
Armor: Animal skin       |    13 |       |       |       |       |       |       |       ||    13
       Scale mail        |    19 |    23 |    43 |       |    75 |   229 |       |       ||   389
       Chain mail        |       |       |   100 |    17 |       |       |       |       ||   117
       Plate armour      |       |       |       |   221 |   332 |   160 |   461 |   199 ||  1373
Dodge: Dodged            |    52 |    34 |   124 |   183 |   550 |   456 |   384 |   119 ||  1902
Block: Buckler           |       |    21 |   191 |   306 |   559 |       |       |       ||  1077
       Reflection        |       |       |     1 |    11 |    30 |   278 |   140 |     4 ||   464
       Kite shield       |       |       |       |       |   141 |    19 |   234 |   180 ||   574
       Tower shield      |       |       |       |       |       |  1793 |  1221 |   232 ||  3246
